 Dungeon Crawl Stone Soup version 0.18.1-48-g4cf74bf (webtiles) character file.

340 Jerry the Covered (level 6, -1/51 HPs)
             Began as a Minotaur Fighter on Aug 11, 2016.
             Slain by a giant frog (4 damage)
             ... on level 7 of the Dungeon.
             The game lasted 00:05:18 (3016 turns).

Jerry the Covered (Minotaur Fighter)                Turns: 3016, Time: 00:05:19

Health: -1/51      AC: 14    Str: 25    XL:     6   Next: 30%
Magic:  5/5        EV: 10    Int:  5    God:
Gold:   150        SH:  0    Dex: 12    Spells: 0 memorised, 5 levels left

rFire  . . .     SeeInvis .     a - +0 war axe
rCold  . . .     Gourm    .     b - +0 scale mail
rNeg   . . .     Faith    .     (no shield)
rPois  .         Spirit   .     (helmet restricted)
rElec  .         Dismiss  .     q - +0 cloak
rCorr  .         Reflect  .     (no gloves)
SustAt .         Harm     .     (no boots)
MR     .....                    k - amulet of magic regeneration
Stlth  ..........               (no ring)
                                C - +5 ring of protection

@: mighty, not resistant to hostile enchantments, extremely unstealthy
A: retaliatory headbutt, horns 2
a: no special abilities


You were on level 7 of the Dungeon.
You were not hungry.

You visited 1 branch of the dungeon, and saw 5 of its levels.

You collected 150 gold pieces.

Inventory:

Hand Weapons
 a - a +0 war axe (weapon)
Armour
 b - a +0 scale mail (worn)
 c - a +0 shield
 q - a +0 cloak (worn)
Jewellery
 k - an amulet of magic regeneration (around neck)
 p - an uncursed ring of ice
 C - a +5 ring of protection (left hand)
Wands
 w - a wand of flame (38/48)
Scrolls
 g - a scroll of noise {unknown}
 h - 2 scrolls of fog {unknown}
 i - 5 scrolls of identify {unknown}
 j - 3 scrolls of teleportation {unknown}
 m - 3 scrolls of recharging {unknown}
 o - 2 scrolls of enchant weapon {unknown}
 t - 3 scrolls of enchant armour {unknown}
 u - a scroll of fear {unknown}
 x - 4 scrolls of remove curse {unknown}
 y - a scroll of magic mapping {unknown}
Potions
 e - 2 potions of berserk rage {unknown}
 l - 2 potions of heal wounds {unknown}
 v - 2 potions of cure mutation {unknown}
 z - 2 potions of curing {unknown}
Books
 r - a book of Debilitation

   Spells                             Type                      Level
   a - Corona                         Hexes                        1
   b - Slow                           Hexes                        2
   c - Gell's Gravitas                Hexes/Translocation          3
   d - Inner Flame                    Hexes/Fire                   3
   e - Cause Fear                     Hexes                        4
   f - Leda's Liquefaction            Hexes/Earth                  4
Comestibles
 f - 6 bread rations
 n - 2 beef jerkies
 s - a meat ration
 A - 6 fruits


   Skills:
 - Level 3.6 Fighting
 + Level 5.7 Axes
 + Level 6.8 Armour
 - Level 3.6 Shields


You had 5 spell levels left.
You didn't know any spells.

Dungeon Overview and Level Annotations

Branches:
Dungeon (4/15)
 Temple: D:4-7

Altars:
Dithmenos
Fedhas
Makhleb
Vehumet
Yredelemnul


Innate Abilities, Weirdness & Mutations

You reflexively headbutt those who attack you in melee.
You have a pair of horns on your head.


Message History

* * * LOW HITPOINT WARNING * * *
You are too injured to fight recklessly!
You are too injured to fight recklessly!
You are too injured to fight recklessly!
You barely miss the giant frog. The giant frog closely misses you.
You barely miss the giant frog. You headbutt the giant frog.
The giant frog is moderately wounded.
The giant frog hits you but does no damage.
The giant frog closely misses you.
You closely miss the giant frog.
The giant frog is moderately wounded.
The giant frog hits you.
* * * LOW HITPOINT WARNING * * *
The giant frog hits you.
* * * LOW HITPOINT WARNING * * *
You slash the giant frog! Your headbutt misses the giant frog.
The giant frog is heavily wounded.
The giant frog hits you but does no damage.
The giant frog hits you.
You die...

###### #+
#....### ...
#########.......
....
#.......'.......
.....
#.#######.......
......###'####
#.......
......)@.....#
###.....
......F...!..#
#.....
.............#
#.....
.............#
#.....
.............#
#.....
.............#
######
......###.####
#+#### #.#


You could see a giant frog.

Vanquished Creatures
  An ogre (D:7)
  A howler monkey (D:4)
  A centaur skeleton (D:4)
  A giant frog skeleton (D:4)
  An iguana (D:7)
  7 adders
  An ooze (D:1)
  A dart slug (D:3)
  3 giant geckos
  5 bats
  6 giant cockroaches
  6 goblins
  10 hobgoblins
  6 jackals
  A quokka (D:3)
  2 giant newts (D:3)
  A jackal skeleton (D:4)
  6 kobolds
  A quokka skeleton (D:3)
  10 rats
71 creatures vanquished.

Notes
Turn   | Place    | Note
--------------------------------------------------------------
     0 | D:1      | Jerry the Minotaur Fighter began the quest for the Orb.
     0 | D:1      | Reached XP level 1. HP: 19/19 MP: 0/0
   114 | D:1      | Reached XP level 2. HP: 20/26 MP: 1/1
   218 | D:1      | Reached skill level 4 in Armour
   419 | D:1      | Reached XP level 3. HP: 31/31 MP: 2/2
  1151 | D:2      | Reached skill level 5 in Armour
  1310 | D:2      | Reached XP level 4. HP: 34/39 MP: 3/3
  1511 | D:2      | Found a shadowy altar of Dithmenos.
  1511 | D:2      | Found a blossoming altar of Fedhas.
  1645 | D:2      | Found a radiant altar of Vehumet.
  1645 | D:2      | Found a burning altar of Makhleb.
  2168 | D:3      | Found a basalt altar of Yredelemnul.
  2541 | D:4      | Reached XP level 5. HP: 23/45 MP: 4/4
  2712 | D:4      | Reached skill level 6 in Armour
  2726 | D:4      | Reached skill level 5 in Axes
  2823 | D:4      | You fall through a shaft for 3 floors!
  3006 | D:7      | Noticed an ogre
  3012 | D:7      | Killed an ogre
  3012 | D:7      | Reached XP level 6. HP: 10/51 MP: 5/5
  3016 | D:7      | Slain by a giant frog

Skill      XL: |  1  2  3  4  5 |
---------------+----------------+-----
Armour         | 4 5 6 |  6.8
Axes           | 3 4 5 |  5.7
Fighting       | |  3.6
Shields        | |  3.6

Action                   |  1- 3 |  4- 6 || total
-------------------------+-------+-------++-------
Melee: War axe           |    78 |    61 ||   139
       Headbutt          |    16 |    14 ||    30
  Use: Potion            |       |     1 ||     1
  Eat: Chunk             |     1 |     6 ||     7
Armor: Scale mail        |    48 |    32 ||    80
Dodge: Dodged            |    54 |    33 ||    87
